 Dungeon Sprint DCSS version 0.19.0-11-g3fc08b3 (webtiles) character file.

1421 equalderp2856 the Gouger (level 8, -15/40 HPs)
             Began as a Felid Fighter on Nov 9, 2016.
             Killed by an exploding ballistomycete spore (31 damage)
             ... in the Dungeon (Sprint I: "Red Sonja").
             The game lasted 00:05:20 (1105 turns).

equalderp2856 the Gouger (Felid Fighter)            Turns: 1105, Time: 00:05:20

Health: -15/40     AC:  2    Str: 14    XL:     8   Next: 44%
Magic:  9/9        EV: 29    Int:  9    God:
Gold:   426        SH:  0    Dex: 16    Spells: 0 memorised, 7 levels left
                                        Lives:  0   Deaths: 2

rFire  . . .     SeeInvis +       - Unarmed
rCold  . . .     Gourm    .     (armour unavailable)
rNeg   . . .     Faith    .     (shield unavailable)
rPois  .         Spirit   .     (helmet unavailable)
rElec  .         Reflect  .     (cloak unavailable)
rCorr  .         Harm     .     (gloves unavailable)
MR     +....     NoTele   +     (boots unavailable)
Stlth  +++.......               (no amulet)
                                (no ring)
                                (no ring)

@: confused, quick
A: no armour, no weapons or thrown items, stealth, claws 1, fangs 3, see
invisible, carnivore 3, speed 1, shaggy fur 2, slow metabolism 1, sharp paws
a: no special abilities


You were in the Dungeon.
You were not hungry.

You visited 1 branch You collected 636 gold pieces.
You spent 210 gold pieces at shops.

Inventory:

Wands
 c - a wand of paralysis (10/24)
Scrolls
 h - a scroll of blinking
Potions
 a - a potion of might
 e - a potion of haste
 f - 2 potions of magic
 g - a potion of berserk rage
Comestibles
 b - a meat ration


   Skills:
 + Level 8.0 Fighting
 + Level 12.9 Dodging
 * Level 12.9 Stealth
 + Level 14.2 Unarmed Combat
 + Level 0.9 Evocations


You had 7 spell levels left.
You didn't know any spells.

Dungeon Overview and Level Annotations

Branches:
Dungeon (1/1)

Altars:
Cheibriados
Dithmenos
Elyvilon
Fedhas
Gozag
Hepliaklqana
Kikubaaqudgha
Makhleb
Nemelex Xobeh
Okawaru
Qazlal
Ru
Sif Muna
Trog
Uskayaw
Vehumet
Xom
Yredelemnul
Zin
The Shining One
Jiyva
Lugonu

Shops:
D }(


Innate Abilities, Weirdness & Mutations

You cannot wear armour.
You are incapable of wielding weapons or throwing items.
Your paws allow you to move quietly. (Stealth)
You have sharp claws.
You have razor-sharp teeth.
You have supernaturally acute eyesight. (SInv)
You are carnivorous and can eat meat at any time.
You cover ground quickly.
You are covered in thick fur. (AC +2)
You have a slow metabolism.
Your sharp claws are effective at attacking unaware monsters.


Message History

You now have 372 gold pieces (gained 27).
You now have 399 gold pieces (gained 27).
You now have 426 gold pieces (gained 27).
There is an open door here.
You open the door. 2 ballistomycete spores come into view.
Found 107 gold pieces, 2 potions of curing and 5 tomahawks.
The ballistomycete spore waves its rhizomes.
A ballistomycete grows in the wake of the ballistomycete spore.
The ballistomycete spore explodes!
The explosion of spores engulfs you!
You are confused.
Ouch! That really hurt!
A ballistomycete grows in the wake of the ballistomycete spore.
You feel less confused.
The ballistomycete spore explodes!
The explosion of spores engulfs you!
You are confused.
Ouch! That really hurt!
You die...

#..#####'#####s#__####)..s..#
#..####..#...#(#### #####..+
#..#__####..##.# ##
#..#_____##'#..+
#⌠⌠#_.∩...'..._#
####_..__##_.#'#
#_____###+#[#
############.####+###
#∩^...)..('..@'.....+
###++++####...####### #..G...
##.## #G..... #'# #.G#..G


P$P #. .... $$$($ # GG..# ####### ..... There were no monsters in sight!

Vanquished Creatures
  Sonja (D)
  A deep troll (D)
  2 kobold demonologists (D)
  A slime creature (D)
  Sigmund (D)
  A yak (D)
  A floating eye (D)
  An ogre (D)
  A jelly (D)
  Ijyb (D)
11 creatures vanquished.

Vanquished Creatures (others)
  A gargoyle (D)
  A ballistomycete spore (D)
2 creatures vanquished.

Grand Total: 13 creatures vanquished

Notes
Turn   | Place    | Note
-------+----------+-------------------------------------------
     0 | D        | equalderp2856 the Felid Fighter began the quest for the Orb.
     0 | D        | Reached XP level 1. HP: 10/10 MP: 2/2
     2 | D        | Noticed Ijyb
    37 | D        | Killed Ijyb
    37 | D        | Reached skill level 5 in Dodging
    37 | D        | Reached skill level 5 in Unarmed Combat
    37 | D        | Reached XP level 2. HP: 7/15 MP: 3/3
   191 | D        | Noticed an ogre
   201 | D        | Killed an ogre
   201 | D        | Reached skill level 8 in Unarmed Combat
   201 | D        | Reached XP level 3. HP: 13/19 MP: 4/4
   201 | D        | Reached XP level 4. HP: 15/22 MP: 5/5
   212 | D        | Noticed Sigmund
   229 | D        | Killed Sigmund
   229 | D        | Reached skill level 5 in Fighting
   229 | D        | Reached skill level 5 in Stealth
   229 | D        | Reached skill level 9 in Unarmed Combat
   229 | D        | Reached XP level 5. HP: 6/27 MP: 6/6
   476 | D        | Found a deep blue altar of Sif Muna.
   478 | D        | Found a radiant altar of Vehumet.
   482 | D        | Reached skill level 10 in Unarmed Combat
   482 | D        | Gained mutation: You are covered in thick fur. (AC +2) [Felid growth]
   482 | D        | Reached XP level 6. HP: 31/31 MP: 7/7
   490 | D        | Found a burning altar of Makhleb.
   490 | D        | Found a viscous altar of Jiyva.
   490 | D        | Found a shimmering altar of Xom.
   490 | D        | Found a corrupted altar of Lugonu.
   490 | D        | Noticed a slime creature
   494 | D        | Killed a slime creature
   494 | D        | Reached skill level 11 in Unarmed Combat
   535 | D        | Found Razuelui's Antique Weapon Emporium.
   535 | D        | Found an ancient bone altar of Kikubaaqudgha.
   535 | D        | Found a hazy altar of Hepliaklqana.
   535 | D        | Found a stormy altar of Qazlal.
   535 | D        | Found a hide-covered altar of Uskayaw.
   535 | D        | Found a blossoming altar of Fedhas.
   535 | D        | Found a bloodstained altar of Trog.
   535 | D        | Found an iron altar of Okawaru.
   535 | D        | Found a basalt altar of Yredelemnul.
   535 | D        | Found a glowing golden altar of the Shining One.
   535 | D        | Found a snail-covered altar of Cheibriados.
   535 | D        | Found a sacrificial altar of Ru.
   535 | D        | Found a glowing silver altar of Zin.
   535 | D        | Found a shadowy altar of Dithmenos.
   535 | D        | Found a white marble altar of Elyvilon.
   535 | D        | Noticed a yak
   536 | D        | Found an opulent altar of Gozag.
   537 | D        | Killed a yak
   537 | D        | Reached skill level 10 in Dodging
   537 | D        | Reached XP level 7. HP: 27/36 MP: 8/8
   538 | D        | Found a sparkling altar of Nemelex Xobeh.
   556 | D        | Noticed Sonja
   580 | D        | Noticed a kobold demonologist
   581 | D        | Noticed a kobold demonologist
   583 | D        | Killed a kobold demonologist
   583 | D        | Reached skill level 12 in Unarmed Combat
   584 | D        | Paralysed by a floating eye for 4 turns
   589 | D        | Reached XP level 8. HP: 15/40 MP: 9/9
   605 | D        | Noticed a red devil
   616 | D        | Noticed a hellwing
   619 | D        | Noticed an orange demon
   619 | D        | Mangled by a red devil
   620 | D        | Reached XP level 7. HP: -12/36 MP: 8/8
   631 | D        | Noticed a rust devil
   643 | D        | Noticed a chaos spawn
   654 | D        | Noticed a neqoxec
   663 | D        | Killed a kobold demonologist
   663 | D        | Reached skill level 10 in Stealth
   663 | D        | Reached skill level 13 in Unarmed Combat
   663 | D        | HP: 1/36 [poisoned by an orange demon]
   894 | D        | Noticed a demonic crawler
   894 | D        | Noticed a demonic crawler
   894 | D        | Noticed a demonic crawler
   894 | D        | Noticed a demonic crawler
   909 | D        | HP: 1/36 [demonic crawler (13)]
   909 | D        | Slain by a demonic crawler
   910 | D        | Reached XP level 6. HP: -3/33 MP: 7/7
   910 | D        | Found Pameten's Gadget Boutique.
  1038 | D        | Bought a wand of paralysis (13/24) for 210 gold pieces
  1040 | D        | Killed a gargoyle
  1044 | D        | Noticed a floating eye
  1044 | D        | Noticed a shining eye
  1044 | D        | Noticed a floating eye
  1044 | D        | Noticed a shining eye
  1044 | D        | Noticed a floating eye
  1044 | D        | Noticed a shining eye
  1052 | D        | Killed Sonja
  1052 | D        | Reached XP level 7. HP: 36/36 MP: 8/8
  1069 | D        | Noticed a deep troll
  1073 | D        | Killed a deep troll
  1073 | D        | Reached skill level 14 in Unarmed Combat
  1073 | D        | Reached XP level 8. HP: 40/40 MP: 9/9
  1105 | D        | Killed by an exploding ballistomycete spore

Skill      XL: |  1  2  3  4  5  6  7 |
---------------+----------------------+-----
Dodging        | 5 7 8 12 11 | 12.9
Unarmed Combat | 5 8 9 10 11 14 | 14.2
Fighting       | 4 5 7 8 |  8.0
Stealth        | 5 11 12 | 12.9
Evocations     | |  0.9

Action                   |  1- 3 |  4- 6 |  7- 9 || total
-------------------------+-------+-------+-------++-------
Melee: Unarmed           |    40 |    14 |    59 ||   113
       Bite              |     4 |     2 |     4 ||    10
       Punch             |     1 |       |     3 ||     4
Evoke: Wand              |       |     1 |     2 ||     3
  Use: Potion            |       |       |     2 ||     2
 Stab: Sleeping          |       |     3 |     1 ||     4
       Paralysed         |       |     1 |     1 ||     2
  Eat: Chunk             |       |       |     1 ||     1
Armor: Skin              |     2 |       |     4 ||     6
Dodge: Dodged            |    27 |     6 |   117 ||   150
